 Dungeon Crawl Stone Soup version 0.28.0 (webtiles) character file.

Game seed: 6050377807854486165

67 GrayStillPlays the Skirmisher (level 4, 0/35 HPs)
             Began as a Demonspawn Fighter on Feb 13, 2022.
             Succumbed to an adder's poison
             ... on level 3 of the Dungeon.
             The game lasted 00:02:30 (1749 turns).

GrayStillPlays the Skirmisher (Demonspawn Fighter)  Turns: 1749, Time: 00:02:30

Health: 0/35       AC:  6    Str: 17    XL:     4   Next: 0%
Magic:  4/4        EV:  9    Int: 11    God:
Gold:   63         SH:  4    Dex: 12    Spells: 3/3 levels left

rFire   . . .      SeeInvis .   a - +0 war axe {axe}
rCold   . . .      Faith    .   c - +0 buckler
rNeg    . . .      Spirit   .   b - +0 scale mail
rPois   .          Reflect  .   (no helmet)
rElec   .          Harm     .   (no cloak)
rCorr   .          Rampage  .   (no gloves)
Will    .....                   (no boots)
Stlth   ..........              (no amulet)
HPRegen 0.11/turn               (no ring)
MPRegen 0.09/turn               (no ring)

@: lethally poisoned (0 -> -3)
A: demonic magic 1
a: no special abilities


You were on level 3 of the Dungeon.
You visited 1 branch of the dungeon, and saw 3 of its levels.

You collected 63 gold pieces.


Innate Abilities, Weirdness & Mutations

Spells you cast may paralyse adjacent enemies.


   Skills:
 + Level 3.5 Fighting
 + Level 2.4 Axes
 + Level 3.2 Armour
 + Level 3.2 Shields


You had 3 spell levels left.
You didn't know any spells.
Your spell library contained the following spells:

 Spells                   Type           Power      Damage    Failure   Level
 Sandblast                Erth           0%         2d4       83%         1
 Passwall                 Tmut/Erth      0%         N/A       93%         2
 Stone Arrow              Conj/Erth      0%         3d7       99%         3

Inventory:

Hand Weapons
 a - a +0 war axe (weapon) {axe}
Missiles
 i - 16 sling bullets
 k - 2 poisoned darts (quivered) {throwing}
 l - 85 stones {throwing}
 n - 3 boomerangs {throwing}
Armour
 b - a +0 scale mail (worn)
 c - a +0 buckler (worn)
Jewellery
 j - a +4 ring of evasion
   (You found it on level 1 of the Dungeon)
Scrolls
 f - a scroll of enchant armour {unknown}
 m - a scroll of summoning {unknown}
 o - a scroll of magic mapping {unknown}
Potions
 d - a potion of might
 e - a potion of berserk rage {unknown}
 g - a potion of lignification {unknown}
 h - 3 potions of curing {unknown}
 p - a potion of cancellation {unknown}

Dungeon Overview and Level Annotations

Branches:
Dungeon (3/15)

Altars:

Annotations:
D:2 Sigmund

..# ..#
..# #.#
# #.#.#
#
#.#.#.#
#.....#
#@Z...#
#.S.#.#
#.###
#.# #.#
#.. ###


You could see an adder and a centaur zombie.


Message History

Sigmund hits you from afar with a +0 scythe. 😕 HP[-4]
You take 4 damage, and now have 29/35 hp.
Sigmund casts a spell at you. You resist with some effort. The adder bites you.
You are poisoned.
The adder poisons you! 😕 HP[-2]
You take 2 damage, and now have 27/35 hp.
You're too confused to move!
You feel sick.
The adder bites you but does no damage. 😮 HP[-2]
You take 2 damage, and now have 25/35 hp.
You miss the adder. You barely miss the endoplasm.
You feel less confused.
You feel sick. The adder bites you but does no damage.
Sigmund screams, "You will never...
NEVER!!!"
The endoplasm misses you. The adder bites you but does no damage.
Sigmund screams, "Only death can liberate you!"
Sigmund barely misses you. 😮 HP[-1]
You take 1 damage, and now have 24/35 hp.
You feel sick. The adder bites you. 😮 HP[-2]
You take 2 damage, and now have 22/35 hp.
You feel sick. The adder closely misses you. 😮 HP[-1]
You take 1 damage, and now have 21/35 hp.
You barely miss the adder. You hit the endoplasm.
You feel sick.
You are no longer poisoned.
The adder barely misses you. The endoplasm freezes you.
You are frozen.
The adder bites you.
* * * LOW HITPOINT WARNING * * *
You are poisoned.
The adder poisons you!
The endoplasm hits you but does no damage.
Sigmund hits you from afar with a +0 scythe.
* * * LOW HITPOINT WARNING * * *
😨 HP[-8]
You take 8 damage, and now have 13/35 hp.
MASSIVE DAMAGE!! (PAUSE)
You feel sick. 😨 HP[-1]
You take 1 damage, and now have 12/35 hp.
You feel sick.
The adder bites you but does no damage. 😨 HP[-1]
You take 1 damage, and now have 11/35 hp.
You feel sick. 😨 HP[-1]
You take 1 damage, and now have 10/35 hp.
You feel sick. 😨 HP[-1]
You take 1 damage, and now have 9/35 hp.
You feel sick.
You are no longer poisoned.
The adder barely misses you. 😱 HP[-1]
You take 1 damage, and now have 8/35 hp.
The adder bites you but does no damage. 😨 HP[+1]
The adder closely misses you.
There is a stone staircase leading down here.
You can't go up here!
The adder barely misses you.
You climb downwards.
There is a stone staircase leading up here.
You miss the adder. The adder barely misses you.
The adder bites you but does no damage.
The centaur zombie hits you but does no damage.
The centaur zombie kicks you but does no damage.
You hit the adder. You hit the centaur zombie. The adder bites you.
* * * LOW HITPOINT WARNING * * *
You are lethally poisoned!
The adder poisons you!
The centaur zombie completely misses you.
The centaur zombie kicks you but does no damage.
You block the adder's attack. 😱 HP[-3]
You take 3 damage, and now have 6/35 hp.
You hit the adder but do no damage. You hit the centaur zombie.
* * * LOW HITPOINT WARNING * * *
You feel sick. You block the centaur zombie's attack.
The centaur zombie kicks you but does no damage.
The adder barely misses you. The centaur zombie hits you.
* * * LOW HITPOINT WARNING * * *
The centaur zombie barely misses you.
The adder bites you but does no damage. 😱 HP[-3]
You take 3 damage, and now have 3/35 hp.
You closely miss the adder. You hit the centaur zombie.
* * * LOW HITPOINT WARNING * * *
You feel sick. The centaur zombie closely misses you.
You block the centaur zombie's attack. The adder barely misses you.
You block the centaur zombie's attack.
The centaur zombie kicks you but does no damage.
The adder barely misses you. 😱 HP[-2]
You take 2 damage, and now have 1/35 hp.
You closely miss the adder. You hit the centaur zombie.
You die...

Skill      XL: |  1  2 |
---------------+-------+-----
Axes           | 2 |  2.4
Armour         | 3 |  3.2
Shields        | 3 |  3.2
Fighting       | |  3.5

Action                   |  1- 3 |  4- 6 || total
-------------------------+-------+-------++-------
Melee: War axe           |   110 |     7 ||   117
Armor: Scale mail        |    71 |    13 ||    84
Dodge: Dodged            |    53 |    14 ||    67
Block: Buckler           |    23 |     4 ||    27

Levels and vault maps discovered:
D:1:      evilmike_arrival_hilbert_curve, layout_basic,
          minmay_misc_feat_diagonals
D:2:      layout_rooms, uniq_sigmund, uniq_robin
D:3:      layout_basic, serial_shops, shop_statue, uniq_natasha, uniq_jessica,
          uniq_ijyb

Notes
Turn   | Place    | Note
-------+----------+-------------------------------------------
     0 | D:1      | GrayStillPlays the Demonspawn Fighter began the quest for
                  | the Orb.
     0 | D:1      | Reached XP level 1. HP: 18/18 MP: 1/1
     0 | D:1      | magus.rc [v1.9.6]
    12 | D:1      | You pick up a book of Geomancy and begin reading...
    12 | D:1      | You add the spells Sandblast, Passwall and Stone Arrow to
                  | your library.
   319 | D:1      | Reached skill level 2 in Axes
   319 | D:1      | Gained mutation: Spells you cast may paralyse adjacent
                  | enemies. [demonic ancestry]
   319 | D:1      | Reached XP level 2. HP: 16/24 MP: 2/2
   734 | D:1      | Reached skill level 3 in Armour
   741 | D:1      | Reached skill level 3 in Shields
  1050 | D:2      | Reached XP level 3. HP: 29/29 MP: 3/3
  1419 | D:2      | Noticed Sigmund
  1432 | D:2      | HP: 4/29 [something (7)]
  1717 | D:2      | Reached XP level 4. HP: 32/35 MP: 4/4
  1735 | D:2      | HP: 8/35 [poisoned by an adder]
  1746 | D:3      | HP: 6/35 [adder (3)]
  1748 | D:3      | HP: 1/35 [poisoned by an adder]
  1749 | D:3      | Succumbed to an adder's poison

Vanquished Creatures
  2 adders (D:2)
  A worm (D:2)
  A dart slug (D:1)
  2 endoplasms (D:1)
  A giant cockroach (D:1)
  5 goblins
  A hobgoblin (D:2)
  7 jackals
  2 quokkas (D:1)
  3 ball pythons (D:2)
  3 bats (D:1)
  2 frilled lizards
  6 kobolds
  6 rats
42 creatures vanquished.

Table legend:
 A = Non-vault XP
 B = Vault XP
 C = Vault XP percentage of total XP
 D = Non-vault monster count
 E = Vault monster count
 F = Vault count percentage of total count
                 A         B        C        D         E       F
            +---------+---------+-------+---------+---------+-------
      Total |      97 |       0 |   0.0 |      42 |       0 |   0.0
            +---------+---------+-------+---------+---------+-------
        D:1 |      36 |       0 |   0.0 |      20 |       0 |   0.0
        D:2 |      61 |       0 |   0.0 |      22 |       0 |   0.0
            +---------+---------+-------+---------+---------+-------

Illustrated notes

Table legend:
 A = Kills in this place as a percentage of kills in entire the game.
 B = Kills by you in this place as a percentage of kills by you in the entire game.
 C = Kills by friends in this place as a percentage of kills by friends in the entire game.
 D = Other kills in this place as a percentage of other kills in the entire game.
 E = Experience gained in this place as a percentage of experience gained in the entire game.
 F = Experience gained in this place divided by the number of levels of this place that you have seen.
                   A       B       C       D       E      F
               +-------+-------+-------+-------+-------+----------------------
         Total | 100.0 | 100.0 |   N/A |   N/A | 100.0 |  32.3
       Dungeon | 100.0 | 100.0 |   N/A |   N/A | 100.0 |  32.3
               +-------+-------+-------+-------+-------+----------------------

Table legend: (Time is in decaauts)
 A = Elapsed time spent in this place.
 B = Non-inter-level travel time spent in this place.
 C = Inter-level travel time spent in this place.
 D = Time resting spent in this place.
 E = Time spent auto-exploring this place.
 F = Levels seen in this place.
 G = Mean time per level.
                   A        B        C        D        E       F      G
               +--------+--------+--------+--------+--------+-----+--------+
         Total |   1800 |   1734 |     66 |    199 |   1237 |   3 |  600.0 |
       Dungeon |   1800 |   1734 |     66 |    199 |   1237 |   3 |  600.0 |
               +--------+--------+--------+--------+--------+-----+--------+

Top non-repeatable levels by time:
     D:1: 1331 daAuts
     D:2: 462 daAuts
     D:3: 6 daAuts
